 Dungeon Sprint DCSS version 0.30-a0-50-gb2d611f6b1 (webtiles) character file.

Game seed: 11646282196297079412

368 MrFrogsmire the Fighter (level 6, -13/58 HPs)
             Began as a Demonspawn Berserker on Sept 4, 2022.
             Was a Priest of Wu Jian.
             Mangled by a red draconian
             ... wielding a +0 glaive
              (15 damage)
             ... in the Dungeon (Sprint V: "Ziggurat Sprint").
             The game lasted 00:04:02 (150 turns).

MrFrogsmire the Fighter (Demonspawn Berserker)       Turns: 150, Time: 00:04:03

Health: -13/58     AC: 27    Str: 31    XL:     6   Next: 41%
Magic:  6/6        EV:  2    Int:  9    God:    Wu Jian [***...]
Gold:   0          SH: 25    Dex: 12    Spells: 5/5 levels left

rFire   . . .      SeeInvis .    w - +7 Screaming Sword {vorpal, sonic wave}
rCold   . . .      Faith    .    v - +18 shield of the Gong {rElec rN+ Will+ EV-5}
rNeg    + . .      Spirit   .    u - +15 Maxwell's patent armour {-Cast -Tele rElec Will+ rCorr}
rPois   .          Reflect  .    (helmet restricted)
rElec   +          Harm     .    (no cloak)
rCorr   +          Rampage  .    (no gloves)
Will    ++...      NoTele   +    (no boots)
Stlth   .......... NoCast   +    (no amulet)
HPRegen 0.19/turn                r - +6 ring of strength
MPRegen 0.10/turn                q - +6 ring of strength

@: no status effects
A: antennae 1, powered by death 2
a: Renounce Religion, Wall Jump, Serpent's Lash


You were in the Dungeon.
You worshipped Wu Jian.
Wu Jian was most pleased with you.
You visited 1 branch

Inventory:

Hand Weapons
 w - the +7 Screaming Sword (weapon) {vorpal, sonic wave}
   (You found it in the Dungeon)

   It inflicts extra damage upon your enemies.
   It radiates damaging sonic waves as it strikes, especially in combat
   involving dangerous or numerous foes.
Armour
 a - a +0 animal skin
 s - a +5 crystal plate armour
 t - a +3 kite shield
 u - the +15 Maxwell's patent armour (worn) {-Cast -Tele rElec Will+ rCorr}
   (You found it in the Dungeon)

   rElec:     It insulates you from electricity.
   -Cast:     It prevents spellcasting.
   -Tele:     It prevents most forms of teleportation.
   rCorr:     It protects you from acid and corrosion.
   Will:      It increases your willpower.
 v - the +18 shield of the Gong (worn) {rElec rN+ Will+ EV-5}
   (You found it in the Dungeon)

   It is deafeningly noisy when blocking attacks.
   EV:        It affects your evasion (-5).
   rElec:     It insulates you from electricity.
   rN:        It protects you from negative energy.
   Will:      It increases your willpower.
Jewellery
 l - a ring of flight
 m - a +6 ring of dexterity
 n - a +6 ring of dexterity
 o - a +6 ring of intelligence
 p - a +6 ring of intelligence
 q - a +6 ring of strength (right hand)
 r - a +6 ring of strength (left hand)
Wands
 x - a wand of mindburst (7)
 y - a wand of iceblast (7)
 z - a wand of light (7)
Scrolls
 g - a scroll of blinking
Potions
 b - 10 potions of curing
 c - 10 potions of heal wounds
 d - 6 potions of haste
 e - 7 potions of magic
 f - 3 potions of berserk rage
 h - 2 potions of invisibility
 i - 4 potions of resistance
 j - a potion of experience
 k - 5 potions of might


   Skills:
 + Level 9.0 Fighting
 + Level 3.7 Long Blades
 + Level 4.7 Armour
 + Level 4.0 Dodging
 + Level 0.6 Shields
 + Level 7.5 Unarmed Combat


You had 5 spell levels left.
You didn't know any spells.
Your spell library contained the following spells:

 Spells                   Type           Power      Damage    Failure   Level
 Summon Forest            Summ/Tloc      0%         N/A       100%        5
 Summon Mana Viper        Hex/Summ       0%         N/A       100%        5
 Summon Cactus Giant      Summ           0%         N/A       100%        6


Dungeon Overview and Level Annotations

Branches:
Dungeon (1/1)

Altars:
Ashenzari
Cheibriados
Dithmenos
Fedhas
Gozag
Hepliaklqana
Kikubaaqudgha
Makhleb
Nemelex Xobeh
Okawaru
Qazlal
Ru
Sif Muna
Trog
Uskayaw
Vehumet
Wu Jian
Xom
Yredelemnul
Jiyva
Lugonu

Annotations:
D 1 transporter


Innate Abilities, Weirdness & Mutations

You have a pair of small antennae on your head.
You regenerate health from kills.


Message History

GONNNNG!
The red draconian hits you from afar with a +0 glaive!
The draconian hits you but does no damage. x2
The draconian hits you with a +0 hand axe!
* * * LOW HITPOINT WARNING * * *
You block the red draconian's attack.
BONNNG!
The draconian hits you with a +0 club.
* * * LOW HITPOINT WARNING * * *
You hit the draconian.
The Screaming Sword clamours, "LET'S STRANGLE THE IMBECILES, STRANGLE THEM!"
You send a blast of sound all around you.
The draconian is moderately wounded.
The red draconian is lightly wounded.
The draconian is heavily wounded.
The draconian is moderately wounded.
The draconian is heavily wounded.
You block the draconian's attack.
GONNNNG!
The draconian hits you but does no damage.
You block the draconian's attack.
GONNNNG!
You block the red draconian's attack.
SHROANNG!
You closely miss the draconian.
The draconian is heavily wounded.
You block the draconian's attack.
BONNNG!
You block the draconian's attack.
PANG!
The red draconian hits you from afar with a +0 glaive!
* * * LOW HITPOINT WARNING * * *
The draconian hits you but does no damage.
The draconian hits you with a +0 club!
* * * LOW HITPOINT WARNING * * *
The draconian hits you but does no damage.
You block the draconian's attack.
SHROANNG!
The red draconian hits you from afar with a +0 glaive!
You die...

▓.....▓.....▓..©..▓
▓..©..▓..©..▓▓▓▓▓▓▓
▓▓▓▓▓▓▓▓▓▓▓▓▓▓
▓..8©8...▓
▓..|}=...▓
▓...[....▓
▓..d.....▓
▓.dd.....▓
▓.▓@d..▓.▓
▓...©....▓
▓▓▓▓▓▓▓▓▓▓


You could see a red draconian and 3 draconians.

Vanquished Creatures
  A slime creature (D)
  A quasit (D)
  4 jellies (D)
  An iron imp (D)
  A shadow imp (D)
  An endoplasm (D)
9 creatures vanquished.

Notes
Turn   | Place    | Note
-------+----------+-------------------------------------------
     0 | D        | MrFrogsmire the Demonspawn Berserker began the quest for
                  | the Orb.
     0 | D        | Reached XP level 1. HP: 18/18 MP: 1/1
     0 | D        | Found a shimmering blue altar of Sif Muna.
     0 | D        | Found a sacrificial altar of Ru.
     0 | D        | Found a bloodstained altar of Trog.
     0 | D        | Found a stormy altar of Qazlal.
     0 | D        | Found an iron altar of Okawaru.
     0 | D        | Found a sparkling altar of Nemelex Xobeh.
     0 | D        | Found a blossoming altar of Fedhas.
     0 | D        | Found the +6 Majin-Bo {vamp, MP+6 Int+6}
     0 | D        | Found the +9 heavy crossbow "Sniper" {vorpal, Acc+∞ SInv}
     0 | D        | Found the +10 dark maul {vorpal}
     0 | D        | Found the +15 Maxwell's patent armour {-Cast -Tele rElec
                  | Will+ rCorr}
     0 | D        | Found the +18 shield of the Gong {rElec rN+ Will+ EV-5}
     0 | D        | Found the +14 obsidian axe {vorpal, Mesm Drain Fly SInv}
     0 | D        | Found the +7 great mace "Firestarter" {inner flame, rF++}
     0 | D        | Found the +6 shillelagh "Devastator" {shatter}
     0 | D        | Found the +11 plutonium sword {Contam Stlth-}
     0 | D        | Found the +8 lance "Wyrmbane" {slay drac, rPois rF+ rC+
                  | AC+3}
     0 | D        | Found the +9 sword of Zonguldrok {reap}
     0 | D        | Found the +13 scythe of Curses {drain, Drain}
     0 | D        | Found the +5 sword of Power {vorpal}
     0 | D        | Found the +7 mace of Variability {chain chaos}
     0 | D        | Found the +7 Singing Sword {vorpal, sonic wave}
     0 | D        | Found the +8 storm bow {elec, penet}
     2 | D        | Found an ancient bone altar of Kikubaaqudgha.
     2 | D        | Found a transporter.
     2 | D        | Found a corrupted altar of Lugonu.
     2 | D        | Found a viscous altar of Jiyva.
     2 | D        | Found a burning altar of Makhleb.
     2 | D        | Found a hazy altar of Hepliaklqana.
     2 | D        | Found an opulent altar of Gozag.
    99 | D        | Fell from the grace of Trog
    99 | D        | Became a worshipper of the Wu Jian Council
   112 | D        | Entered arena 2.
   112 | D        | Noticed a jelly
   112 | D        | Noticed a jelly
   112 | D        | Found a transporter.
   113 | D        | Killed a jelly
   113 | D        | Killed a jelly
   114 | D        | Reached skill level 5 in Fighting
   114 | D        | Gained mutation: You regenerate a little health from kills.
                  | [demonic ancestry]
   114 | D        | Reached XP level 2. HP: 27/27 MP: 2/2
   114 | D        | Reached XP level 3. HP: 33/33 MP: 3/3
   118 | D        | Entered arena 3.
   118 | D        | Found a transporter.
   120 | D        | Reached * piety under Wu Jian
   120 | D        | Reached ** piety under Wu Jian
   121 | D        | Reached skill level 6 in Fighting
   121 | D        | Reached skill level 1 in Long Blades
   121 | D        | Reached skill level 5 in Unarmed Combat
   121 | D        | Reached XP level 4. HP: 41/41 MP: 4/4
   129 | D        | Entered arena 4.
   129 | D        | Noticed a slime creature
   129 | D        | Found a transporter.
   133 | D        | Reached skill level 7 in Fighting
   133 | D        | Gained mutation: You have a pair of small antennae on your
                  | head. [demonic ancestry]
   133 | D        | Reached XP level 5. HP: 48/48 MP: 5/5
   137 | D        | Killed a slime creature
   137 | D        | Reached *** piety under Wu Jian
   138 | D        | Reached skill level 9 in Fighting
   138 | D        | Gained mutation: You regenerate health from kills. [demonic
                  | ancestry]
   138 | D        | Reached XP level 6. HP: 41/58 MP: 6/6
   143 | D        | Entered arena 5.
   143 | D        | Noticed a draconian
   143 | D        | Noticed a red draconian
   143 | D        | Noticed a draconian
   143 | D        | Noticed a draconian
   143 | D        | Found a transporter.
   150 | D        | HP: 2/58 [draconian/+0 club (7)]
   150 | D        | Mangled by a red draconian

Illustrated notes

Levels and vault maps discovered:
D:        sprint_v [room_start, room_1, room_2, room_3, room_4, room_5, room_6,
          room_7, room_8, room_9, room_10, room_11, room_12, room_13, room_14,
          room_15, room_16, room_17, room_18, room_19, room_20, room_21,
          room_22, room_23, room_24, room_25, room_26, room_27]

Skill      XL: |  1  2  3  4  5 |
---------------+----------------+-----
Fighting       | 5 6 7 9 |  9.0
Armour         | 2 3 4 |  4.7
Dodging        | 2 3 4 |  4.0
Unarmed Combat | 4 5 6 7 |  7.5
Long Blades    | 1 3 |  3.7
Shields        | |  0.6

Action                   |  1- 3 |  4- 6 || total
-------------------------+-------+-------++-------
Melee: Double sword      |     2 |    12 ||    14
Invok: Lunge             |     1 |       ||     1
Armor: Plate armour      |       |    10 ||    10
Block: Kite shield       |       |    23 ||    23

Table legend: (Time is in decaauts)
 A = Elapsed time spent in this place.
 B = Non-inter-level travel time spent in this place.
 C = Inter-level travel time spent in this place.
 D = Time resting spent in this place.
 E = Time spent auto-exploring this place.
 F = Levels seen in this place.
 G = Mean time per level.
                   A        B        C        D        E       F      G
               +--------+--------+--------+--------+--------+-----+--------+
         Total |    153 |     83 |     70 |      0 |      0 |   1 |  153.0 |
       Dungeon |    153 |     83 |     70 |      0 |      0 |   1 |  153.0 |
               +--------+--------+--------+--------+--------+-----+--------+

Top non-repeatable levels by time:
       D: 153 daAuts
